 Dungeon Crawl Stone Soup version 0.29-a0-732-g3d7fbe0af2 (webtiles) character file.

Game seed: 13473791491276098546

10567 xian the Basher (level 11, -3/89 HPs)
             Began as a Demonspawn Wanderer on June 29, 2022.
             Killed by divine providence
             ... invoked by an orc priest
              (12 damage)
             ... on level 10 of the Dungeon on June 30, 2022.
             The game lasted 00:28:16 (11301 turns).

xian the Basher (Demonspawn Wanderer)              Turns: 11301, Time: 00:28:16

Health: -3/89      AC: 18    Str: 16    XL:     11   Next: 37%
Magic:  11/11      EV: 13    Int: 11    God:
Gold:   563        SH:  0    Dex: 19    Spells: 10/10 levels left

rFire   . . .      SeeInvis +   q - +9 mace of Governance {vorpal, rPois Dex+3 SInv}
rCold   . . .      Faith    .   (no shield)
rNeg    + . .      Spirit   .   s - +0 swamp dragon scales
rPois   +          Reflect  .   (no helmet)
rElec   .          Harm     .   (no cloak)
rCorr   .          Rampage  .   i - +1 pair of gloves
Will    .....                   (no boots)
Stlth   ++........              (no amulet)
HPRegen 0.24/turn               g - +4 ring of protection
MPRegen 0.12/turn               E - ring of positive energy

@: no status effects
A: hooves 2, rugged brown scales 3, demonic guardian 1, spiny 1
a: no special abilities


You were on level 10 of the Dungeon.
You visited 2 branches of the dungeon, and saw 11 of its levels.

You collected 615 gold pieces.
You spent 52 gold pieces at shops.

Inventory:

Hand Weapons
 q - the +9 mace of Governance (weapon) {vorpal, rPois Dex+3 SInv}
   (You found it on level 3 of the Dungeon)

   It inflicts extra damage upon your enemies.
   Dex:       It affects your dexterity (+3).
   rPois:     It protects you from poison.
   SInv:      It lets you see invisible.
Missiles
 a - 23 poisoned darts (quivered)
 y - a throwing net
Armour
 b - a +0 scale mail
 i - a +1 pair of gloves (worn)
 s - +0 swamp dragon scales (worn)
Jewellery
 d - a ring of protection from fire
 g - a +4 ring of protection (left hand)
 A - a ring of protection from cold
 E - a ring of positive energy (right hand)
Wands
 j - a wand of acid (2)
 k - a wand of flame (18)
 t - a wand of digging (3)
 w - a wand of iceblast (9)
Scrolls
 h - 2 scrolls of vulnerability
 n - a scroll of fear
 o - 2 scrolls of teleportation
 r - 2 scrolls of blinking
 x - a scroll of poison
 z - a scroll of enchant weapon
 G - a scroll of immolation {unknown}
Potions
 c - 4 potions of curing
 e - 3 potions of lignification
 f - 3 potions of brilliance
 l - 2 potions of invisibility
 m - 2 potions of mutation
 p - a potion of cancellation
 u - a potion of flight
 v - a potion of resistance
 B - a potion of haste
 C - a potion of might
 D - a potion of berserk rage


   Skills:
 + Level 7.1 Fighting
 + Level 9.2 Maces & Flails
 + Level 7.9 Polearms
 + Level 3.0 Throwing
 + Level 7.6 Armour
 + Level 5.2 Dodging
 + Level 3.8 Stealth
 + Level 1.0 Evocations


You had 10 spell levels left.
You didn't know any spells.
Your spell library contained the following spells:

 Spells                   Type           Power      Damage    Failure   Level
 Apportation              Tloc           0%         N/A       52%         1
 Magic Dart               Conj           0%         1d3       52%         1
 Necrotize                Necr           0%         1d4       52%         1
 Summon Small Mammal      Summ           0%         N/A       52%         1
 Call Imp                 Summ           0%         N/A       67%         2
 Scorch                   Fire           0%         2d5       67%         2
 Mephitic Cloud           Conj/Pois/Air  0%         N/A       88%         3
 Tukima's Dance           Hex            0%         N/A       88%         3
 Vampiric Draining        Necr           0%         2d6       88%         3
 Flame Wave               Conj/Fire      0%         2d4       99%         4
 Passage of Golubria      Tloc           0%         N/A       99%         4
 Agony                    Necr           0%         N/A       100%        5
 Blade Hands              Tmut           0%         N/A       100%        5
 Irradiate                Conj/Tmut      0%         3d13      100%        5
 Yara's Violent Unravell  Hex/Tmut       0%         3d3       100%        5
 Summon Cactus Giant      Summ           0%         N/A       100%        6
 Dragon Form              Tmut           0%         N/A       100%        7


Dungeon Overview and Level Annotations

Branches:
Dungeon (10/15)            Temple (1/1) D:4            Lair (0/6) D:10
    Orc (0/2) D:10

Altars:
Ashenzari
Cheibriados
Dithmenos
Elyvilon
Fedhas
Gozag
Hepliaklqana
Kikubaaqudgha
Makhleb
Nemelex Xobeh
Okawaru
Qazlal
Ru
Sif Muna
Trog
Uskayaw
Vehumet
Xom
Yredelemnul
Zin
The Shining One

Shops:
D:4 *

Annotations:
D:10 Snorg


Innate Abilities, Weirdness & Mutations

You have hoof-like feet.
You are completely covered in rugged brown scales. (AC +3, +7% HP)
A weak demonic guardian rushes to your aid.
You are partially covered in sharp spines.


Message History

Snorg is moderately wounded.
Snorg misses you. Snorg claws you but does no damage. Snorg claws you!
A demonic guardian appears!
Snorg is struck by your spines. Snorg bites you. Snorg claws you.
Snorg claws you but does no damage.
You hit Snorg.
Snorg is heavily wounded.
Snorg is struck by your spines. Snorg bites you!
* * * LOW HITPOINT WARNING * * *
Snorg claws you!
* * * LOW HITPOINT WARNING * * *
Snorg claws you but does no damage.
You feel much better. Snorg is struck by your spines. Snorg barely misses you.
Snorg claws you!
* * * LOW HITPOINT WARNING * * *
Snorg claws you!
* * * LOW HITPOINT WARNING * * *
Your white imp gestures at Snorg.
The puff of frost hits Snorg!
Snorg closely misses your white imp. Snorg claws your white imp!!
Your white imp dies!
Your white imp disappears in a puff of smoke!
You can't see any enemies this would affect, really read the scroll of fear? [Y]es or [N]o only, please.
You can't see any enemies this would affect, really read the scroll of fear?
Okay, then.
Blink to where?
Press: ? - help, Dir - move target An orc priest comes into view.
It is wielding a +0 dagger.
As you read the scroll of blinking, it crumbles to dust.
An orc warrior comes into view. It is wielding a +0 mace.
A wraith comes into view.
The orc warrior shouts!
You hear a bellow!
You hear a shout! x2
You hear a shout!
You hear a shout!
You hear a shout!
The orc priest casts a cantrip, but nothing happens.
There is an open door here.
The orc priest calls down the wrath of Beogh upon you.
Beogh smites you!
You die...

#................
#o##.............
#########
#.#######.......#
##.......## #.#
#........ #.⌠#####⌠.#
#o# #####)...
#.##...##.# #.# ##....
#.#.⌠.⌠.#.###.# #....)
#..(.<..#.'?#'####
#.....
#.#.⌠.⌠.#.#.@)...#
#.....
#.##...##.#......#
#.....
#.⌠#####⌠.#......#
#..... ##.
..##......########....
## ####............#
#.>.. .......######.#
#.... #.......# #.#
#.... ######### #.#
#.... #.# #####


You could see an orc warrior and an orc priest.

Vanquished Creatures
  A hydra (D:9)
  Joseph (D:7)
  A gargoyle (D:10)
  Maggie (D:6)
  2 trolls
  Grinder (D:3)
  20 yaks (D:9)
  Sigmund (D:3)
  A wraith (D:9)
  Eustachio (D:4)
  3 steam dragons
  2 water moccasins
  Duvessa (D:4)
  7 orc warriors
  A sky beast (D:8)
  Pargi (D:3)
  3 ice beasts
  4 ogres
  4 centaurs
  A phantom (D:6)
  2 kobold brigands
  4 bullfrogs
  Blork the orc (D:4)
  2 scorpions
  A necrophage (D:6)
  3 wights (D:8)
  Dowan (D:4)
  10 killer bees
  3 howler monkeys
  3 jellies (D:6)
  5 gnoll shamans
  4 orc priests
  3 hounds
  An iguana (D:4)
  Natasha (thrice) (D:2)
  7 orc wizards
  12 gnolls
  14 adders
  2 white imps
  An ufetubus (D:6)
  A worm (D:5)
  3 dart slugs
  31 orcs
  11 ball pythons
  8 bats
  2 endoplasms
  6 giant cockroaches
  14 goblins
  6 hobgoblins
  6 jackals (D:2)
  15 kobolds
  5 quokkas
  7 frilled lizards
  9 rats
263 creatures vanquished.

Vanquished Creatures (collateral kills)
  An ogre (D:7)
1 creature vanquished.

Vanquished Creatures (others)
  A necrophage (D:8)
  A gnoll (D:7)
  6 fungi (D:7)
  12 plants (D:7)
20 creatures vanquished.

Grand Total: 284 creatures vanquished

Notes
Turn   | Place    | Note
-------+----------+-------------------------------------------
     0 | D:1      | xian the Demonspawn Wanderer began the quest for the Orb.
     0 | D:1      | xian set off with the following items: a +1 trident, a +0
                  | scale mail, a potion of curing.
     0 | D:1      | Reached XP level 1. HP: 18/18 MP: 1/1
   110 | D:1      | Gained mutation: You have large cloven feet. [demonic
                  | ancestry]
   110 | D:1      | Reached XP level 2. HP: 19/24 MP: 2/2
   710 | D:1      | Reached XP level 3. HP: 27/29 MP: 3/3
  1321 | D:2      | Noticed Natasha
  1328 | D:2      | Killed Natasha
  1464 | D:2      | Gained mutation: You are partially covered in rugged brown
                  | scales. (AC +1, +3% HP) [demonic ancestry]
  1464 | D:2      | Reached XP level 4. HP: 19/36 MP: 4/4
  1840 | D:2      | Found a faded altar of an unknown god.
  1840 | D:2      | Noticed Natasha
  1851 | D:2      | Killed Natasha
  1854 | D:2      | Reached skill level 5 in Polearms
  1860 | D:2      | Gained mutation: You have hoof-like feet. [demonic
                  | ancestry]
  1860 | D:2      | Reached XP level 5. HP: 15/42 MP: 5/5
  1880 | D:2      | Noticed Natasha
  1891 | D:2      | Killed Natasha
  1892 | D:2      | Reached skill level 1 in Dodging
  1899 | D:2      | Got Plato's Catalogue of the Voyage
  2737 | D:3      | Noticed Pargi
  2737 | D:3      | Noticed Grinder
  2753 | D:3      | Killed Pargi
  2754 | D:3      | Gained mutation: You are partially covered in sharp spines.
                  | [demonic ancestry]
  2754 | D:3      | Reached XP level 6. HP: 47/49 MP: 6/6
  2773 | D:3      | Killed Grinder
  3030 | D:3      | You fall into a shaft and drop 1 floor!
  3043 | D:4      | Gained mutation: You are mostly covered in rugged brown
                  | scales. (AC +2, +5% HP) [demonic ancestry]
  3043 | D:4      | Reached XP level 7. HP: 32/56 MP: 7/7
  3052 | D:4      | Found Hafi's General Store.
  3066 | D:4      | Bought a potion of might for 52 gold pieces
  3085 | D:4      | Noticed Dowan
  3086 | D:4      | Noticed Duvessa
  3091 | D:4      | Killed Duvessa
  3094 | D:4      | Killed Dowan
  3208 | D:4      | Found a staircase to the Ecumenical Temple.
  3231 | Temple   | Entered the Ecumenical Temple
  3377 | D:4      | Found an opulent altar of Gozag.
  3519 | D:4      | Noticed Blork the orc
  3535 | D:4      | Killed Blork the orc
  3614 | D:4      | Found a bloodstained altar of Trog.
  4393 | D:3      | Identified the +9 mace of Governance {vorpal, rPois Dex+3
                  | SInv}
  4434 | D:3      | Noticed Sigmund
  4441 | D:3      | Killed Sigmund
  4863 | D:5      | Entered Level 5 of the Dungeon
  4863 | D:5      | Noticed Eustachio
  4870 | D:4      | Killed Eustachio
  4871 | D:4      | Gained mutation: A weak demonic guardian rushes to your
                  | aid. [demonic ancestry]
  4871 | D:4      | Reached XP level 8. HP: 51/64 MP: 8/8
  5209 | D:5      | Reached skill level 5 in Armour
  5677 | D:6      | Reached skill level 1 in Throwing
  5679 | D:6      | Reached skill level 1 in Maces & Flails
  5932 | D:6      | Noticed Maggie
  5947 | D:6      | Reached skill level 2 in Maces & Flails
  5947 | D:6      | Killed Maggie
  5948 | D:6      | Reached XP level 9. HP: 42/70 MP: 9/9
  5951 | D:6      | Reached skill level 3 in Maces & Flails
  5951 | D:6      | Reached skill level 1 in Stealth
  6267 | D:6      | Reached skill level 5 in Fighting
  6285 | D:6      | Found a radiant altar of Vehumet.
  6890 | D:7      | Reached skill level 4 in Maces & Flails
  7237 | D:7      | Noticed Joseph
  7281 | D:7      | Killed Joseph
  7282 | D:7      | Reached skill level 5 in Maces & Flails
  7855 | D:7      | Reached skill level 6 in Maces & Flails
  8069 | D:7      | Gained mutation: You are completely covered in rugged brown
                  | scales. (AC +3, +7% HP) [demonic ancestry]
  8069 | D:7      | Reached XP level 10. HP: 72/81 MP: 10/10
  8497 | D:8      | Found a sparkling altar of Nemelex Xobeh.
  8997 | D:8      | Found an iron altar of Okawaru.
  9446 | D:9      | Reached skill level 7 in Maces & Flails
  9503 | D:9      | Reached skill level 8 in Maces & Flails
 10276 | D:9      | Reached XP level 11. HP: 79/88 MP: 11/11
 10582 | D:9      | Found a shimmering blue altar of Sif Muna.
 10664 | D:9      | Noticed a four-headed hydra
 10669 | D:9      | Killed a four-headed hydra
 10670 | D:9      | Reached skill level 5 in Dodging
 10686 | D:9      | Reached skill level 9 in Maces & Flails
 10990 | D:10     | Entered Level 10 of the Dungeon
 11112 | D:10     | Found a staircase to the Lair.
 11269 | D:10     | Found a staircase to the Orcish Mines.
 11272 | D:10     | Noticed Snorg
 11282 | D:10     | HP: 2/89 [Snorg (15)]
 11301 | D:10     | Killed from afar by an orc priest

Illustrated notes

Levels and vault maps discovered:
D:1:      tarquinn_simple_flora_water_e, layout_basic
D:2:      minmay_inner_zag, layout_loops_ring,
          shapermc_ecumenical_altar_rom_forum, uniq_natasha
D:3:      minmay_recursive_quarters, layout_basic, uniq_pargi, uniq_grinder,
          uniq_sigmund
D:4:      layout_cave_pods, grunt_gozag_breadcrumbs, zin_academy,
          trog_butcher_becter, minmay_temple_entry_glassed_door,
          gup_sewer_entry_glass, serial_shops, shop, minmay_goblin_outpost,
          uniq_duvessa, uniq_blork_the_orc
D:5:      layout_loops_ring, uniq_eustachio
D:6:      layout_loops_ring, mainiacjoe_overflow_catwalk,
          kennysheep_flooded_box, kennysheep_potato, uniq_maggie
D:7:      kennysheep_seaside_town, layout_basic, kennysheep_boxes, uniq_joseph
D:8:      layout_basic, lemuel_round_altar,
          chequers_temple_overflow_statue_of_worship,
          chequers_hall_statues_wall_a
D:9:      wander_river, layout_basic, kennysheep_orc_sif_temple
D:10:     layout_basic, nzn_wu_jian_council_hall, lair_entry_dummy, erik_orc_4,
          grunt_ministairs_11, uniq_snorg
Temple:   compressed_dpeg_triangle_lava_temple

Skill      XL: |  1  2  3  4  5  6  7  8  9 10 11 |
---------------+----------------------------------+-----
Polearms       | 4 5 6 7 |  7.9
Armour         | 2 3 4 5 6 7 |  7.6
Dodging        | 1 2 3 4 5 |  5.2
Fighting       | 4 5 6 7 |  7.1
Throwing       | 2 3 |  3.0
Maces & Flails | 2 6 8 9 |  9.2
Stealth        | 1 3 |  3.8
Evocations     | |  1.0

Action                   |  1- 3 |  4- 6 |  7- 9 | 10-12 || total
-------------------------+-------+-------+-------+-------++-------
Melee: Trident           |    78 |   109 |    48 |       ||   235
       Kick              |    13 |    24 |    52 |    84 ||   173
       Punch             |     1 |       |     7 |     4 ||    12
       Mace              |       |       |   148 |   235 ||   383
Throw: Dart              |       |       |    12 |     4 ||    16
Evoke: Wand              |       |       |     1 |       ||     1
  Use: Scroll            |     2 |     6 |     7 |     3 ||    18
       Potion            |       |     3 |     3 |     2 ||     8
 Stab: Distracted        |       |       |     1 |     2 ||     3
       Sleeping          |       |       |       |     3 ||     3
Armor: Scale mail        |    41 |   124 |    83 |       ||   248
       Swamp dragon scal |       |       |    51 |    78 ||   129
Dodge: Dodged            |    33 |   100 |   145 |   152 ||   430

Table legend: (Time is in decaauts)
 A = Elapsed time spent in this place.
 B = Non-inter-level travel time spent in this place.
 C = Inter-level travel time spent in this place.
 D = Time resting spent in this place.
 E = Time spent auto-exploring this place.
 F = Levels seen in this place.
 G = Mean time per level.
                   A        B        C        D        E       F      G
               +--------+--------+--------+--------+--------+-----+--------+
         Total |  11380 |  11134 |    246 |    128 |   7806 |  11 | 1034.5 |
       Dungeon |  11272 |  11026 |    246 |    128 |   7806 |  10 | 1127.2 |
        Temple |    107 |    107 |      0 |      0 |      0 |   1 |  107.0 |
               +--------+--------+--------+--------+--------+-----+--------+

Top non-repeatable levels by time:
     D:7: 1737 daAuts
     D:2: 1433 daAuts
     D:8: 1342 daAuts
     D:4: 1304 daAuts
     D:9: 1288 daAuts
     D:1: 1212 daAuts
     D:6: 1077 daAuts
     D:3: 826 daAuts
     D:5: 743 daAuts
    D:10: 308 daAuts
  Temple: 107 daAuts
